 Dungeon Crawl Stone Soup version 0.29.1-1-gd02db69 (webtiles) character file.

Game seed: 3333398077235592288

1504 Kel the Cleaver (level 8, -2/46 HPs)
             Began as a Gargoyle Berserker on Nov 25, 2022.
             Was an Elder of Trog.
             Slain by Prince Ribbit (3 damage)
             ... on level 5 of the Dungeon.
             The game lasted 00:09:25 (7278 turns).

Kel the Cleaver (Gargoyle Berserker)                Turns: 7278, Time: 00:09:25

Health: -2/46      AC: 19    Str: 22    XL:     8   Next: 82%
Magic:  8/8        EV:  6    Int:  9    God:    Trog [****..]
Gold:   218        SH:  0    Dex:  9    Spells: 7/7 levels left

rFire   . . .      SeeInvis .   a - +0 hand axe
rCold   . . .      Faith    .   (no shield)
rNeg    + . .      Spirit   .   s - +0 plate armour
rPois   ∞          Reflect  .   q - +0 helmet
rElec   +          Harm     .   u - +1 cloak {rPois}
rCorr   .          Rampage  .   (no gloves)
Will    .....                   (no boots)
Stlth   ..........              (no amulet)
HPRegen 0.15/turn               (no ring)
MPRegen 0.11/turn               (no ring)

@: on berserk cooldown, slowed, very slow
A: sickness immunity, AC +5, negative energy resistance 1, electricity
resistance, torment resistance 1, petrification resistance
a: Renounce Religion, Berserk, Trog's Hand, Brothers in Arms


You were on level 5 of the Dungeon.
You worshipped Trog.
Trog was greatly pleased with you.
You visited 1 branch of the dungeon, and saw 5 of its levels.
You also visited: Ossuary.

You collected 218 gold pieces.

Inventory:

Hand Weapons
 a - a +0 hand axe (weapon)
Armour
 q - a +0 helmet (worn)
 s - a +0 plate armour (worn)
 u - a +1 cloak of poison resistance (worn)
Wands
 m - a wand of mindburst (11)
 p - a wand of digging (3)
Scrolls
 c - a scroll of torment {unknown}
 d - 2 scrolls of noise {unknown}
 e - 6 scrolls of identify {unknown}
 f - a scroll of poison {unknown}
 k - 2 scrolls of teleportation {unknown}
 n - a scroll of blinking {unknown}
 o - a scroll of magic mapping {unknown}
 r - 3 scrolls of enchant weapon {unknown}
 t - a scroll of silence {unknown}
 w - a scroll of vulnerability {unknown}
Potions
 b - a potion of might
 g - a potion of flight {unknown}
 h - a potion of ambrosia {unknown}
 i - 2 potions of brilliance {unknown}
 j - 2 potions of haste {unknown}
 l - 2 potions of cancellation
 v - 2 potions of lignification {unknown}
 x - 2 potions of attraction {unknown}
 z - 3 potions of heal wounds {unknown}


   Skills:
 - Level 3.2 Fighting
 + Level 10.2 Axes
 - Level 2.1 Armour
 - Level 1.5 Dodging


You had 7 spell levels left.
You didn't know any spells.
Your spell library was empty.

Dungeon Overview and Level Annotations

Branches:
Dungeon (5/15)             Temple (0/1) D:5         Ossuary (visited)

Altars:
Uskayaw

Annotations:
D:5 2 runed translucent doors, Prince Ribbit


Innate Abilities, Weirdness & Mutations

You are immune to sickness and miasma.
Your stone body is resilient. (AC +5)
You are immune to poison.
You resist negative energy. (rN+)
You are resistant to electric shocks. (rElec)
You are resistant to unholy torment.
You are immune to petrification.


Message History

* * * LOW HITPOINT WARNING * * *
You closely miss Prince Ribbit.
Prince Ribbit is almost dead.
Prince Ribbit blinks!
A red film seems to cover your vision as you go berserk!
You feel yourself moving faster!
You feel mighty!
You feel a strong urge to attack something.
Prince Ribbit barely misses you.
You miss Prince Ribbit.
Prince Ribbit is almost dead.
Prince Ribbit hits you but does no damage.
You closely miss Prince Ribbit.
Prince Ribbit is almost dead.
You closely miss Prince Ribbit.
Prince Ribbit is almost dead.
Prince Ribbit blinks!
You feel a strong urge to attack something.
You are no longer berserk.
You are exhausted.
You feel yourself slow down.
You barely miss Prince Ribbit.
Prince Ribbit is almost dead.
Prince Ribbit croaks regally.
Prince Ribbit hits you but does no damage.
Prince Ribbit hits you.
* * * LOW HITPOINT WARNING * * *
You hit Prince Ribbit.
Prince Ribbit is almost dead.
Prince Ribbit hits you.
* * * LOW HITPOINT WARNING * * *
Prince Ribbit hits you but does no damage.
You hit Prince Ribbit but do no damage.
Prince Ribbit is almost dead.
Prince Ribbit blinks!
Prince Ribbit blinks!
Prince Ribbit hits you but does no damage.
You hit Prince Ribbit but do no damage.
Prince Ribbit is almost dead.
Prince Ribbit hits you.
You die...

#.+####'.#......#........
#....#.#......#........
#.##.#.#......#........
#.##.#.#......#.......#
#....#.#..#####.......#
.+####'.#..# #########
#........#..#
+########'..#
.......@...# ######.F..$#
#######


You could see Prince Ribbit.

Vanquished Creatures
  Grinder (D:2)
  Sigmund (D:2)
  Menkaure (Ossuary)
  Edmund (D:4)
  An ice beast (D:5)
  An ogre (D:3)
  2 phantoms (D:5)
  2 scorpions
  2 jellies
  Crazy Yiuf (D:4)
  Jessica (D:2)
  2 iguanas (D:5)
  Ijyb (D:3)
  2 orc wizards (D:4)
  3 mummies (Ossuary)
  Robin (D:3)
  2 adders
  An ufetubus (D:5)
  2 worms
  A dart slug (D:4)
  20 orcs
  3 bats
  5 endoplasms
  4 giant cockroaches
  3 gnoll zombies (Ossuary)
  7 hobgoblins
  6 jackals
  9 kobolds
  6 quokkas
  6 ball pythons
  A frilled lizard (D:3)
  4 gnoll skeletons (Ossuary)
  18 goblins
  2 goblin skeletons (Ossuary)
  3 goblin zombies (Ossuary)
  7 hobgoblin skeletons (Ossuary)
  3 hobgoblin zombies (Ossuary)
  A kobold skeleton (Ossuary)
  7 kobold zombies (Ossuary)
  5 orc skeletons (Ossuary)
  5 orc zombies (Ossuary)
  5 rats
  6 rat skeletons (Ossuary)
  4 rat zombies (Ossuary)
169 creatures vanquished.

Vanquished Creatures (others)
  4 fungi (D:4)
  2 plants (D:1)
6 creatures vanquished.

Grand Total: 175 creatures vanquished

Notes
Turn   | Place    | Note
-------+----------+-------------------------------------------
     0 | D:1      | Kel the Gargoyle Berserker began the quest for the Orb.
     0 | D:1      | Reached XP level 1. HP: 14/14 MP: 1/1
    75 | D:1      | Found a faded altar of an unknown god.
   151 | D:1      | Reached skill level 3 in Axes
   247 | D:1      | Reached XP level 2. HP: 18/19 MP: 2/2
   840 | D:1      | Reached XP level 3. HP: 23/23 MP: 3/3
  1371 | D:2      | Noticed Jessica
  1374 | D:2      | Reached ** piety under Trog
  1382 | D:2      | Killed Jessica
  1383 | D:2      | Reached skill level 4 in Axes
  1383 | D:2      | Reached XP level 4. HP: 20/28 MP: 4/4
  1504 | D:2      | Found a hide-covered altar of Uskayaw.
  2176 | D:3      | Noticed Grinder
  2176 | D:3      | Noticed Sigmund
  2185 | D:3      | Noticed Ijyb
  2222 | D:2      | Killed Sigmund
  2223 | D:2      | Reached skill level 6 in Axes
  2223 | D:2      | Reached XP level 5. HP: 13/32 MP: 5/5
  2223 | D:2      | Reached XP level 6. HP: 15/37 MP: 6/6
  2656 | D:3      | Paralysed by Grinder for 5 turns
  2669 | D:2      | Killed Grinder
  3106 | D:3      | HP: 1/37 [Ijyb/+2 dagger of venom (5)]
  3110 | D:3      | Killed Ijyb
  3111 | D:3      | Reached skill level 7 in Axes
  3111 | D:3      | Reached XP level 7. HP: 3/41 MP: 7/7
  3480 | D:3      | Noticed Robin
  3508 | D:3      | Killed Robin
  4461 | D:4      | Noticed Edmund
  4470 | D:4      | Killed Edmund
  4471 | D:4      | Reached skill level 8 in Axes
  4496 | D:4      | HP: 2/41 [scorpion (4)]
  4498 | D:4      | Reached XP level 8. HP: 3/46 MP: 8/8
  5187 | D:4      | Reached *** piety under Trog
  5549 | D:4      | Found a runed translucent door.
  5550 | D:4      | Noticed Crazy Yiuf
  5568 | D:4      | Killed Crazy Yiuf
  5873 | D:5      | Entered Level 5 of the Dungeon
  5930 | D:5      | Reached skill level 9 in Axes
  5961 | D:5      | Found a sand-covered staircase.
  5966 | Ossuary  | Entered an ossuary
  6217 | Ossuary  | Reached **** piety under Trog
  6389 | Ossuary  | Noticed Menkaure
  6399 | Ossuary  | Killed Menkaure
  6631 | D:5      | Found a staircase to the Ecumenical Temple.
  6847 | D:5      | Found a large runed translucent door.
  6849 | D:5      | Found a large runed translucent door.
  6933 | D:5      | Reached skill level 10 in Axes
  7248 | D:5      | Noticed Prince Ribbit
  7275 | D:5      | HP: 1/46 [Prince Ribbit (5)]
  7278 | D:5      | Slain by Prince Ribbit

Illustrated notes

Levels and vault maps discovered:
D:1:      psy_arrival_conway, layout_rooms, shapermc_ecumenical_altar_pompeii,
          grunt_decor_mini_mirrors
D:2:      layout_loops_corners, basic_altar, grunt_ministairs_15, uniq_jessica
D:3:      layout_basic, minmay_misc_feat_five, uniq_grinder, uniq_sigmund,
          uniq_robin, uniq_ijyb
D:4:      layout_basic, grunt_ministairs_14, uniq_edmund,
          uniq_crazy_yiuf_cottage
D:5:      layout_basic, jmf_multi_god_temple2, temple_doors_e,
          nicolae_ossuary_entry_false_entrances, minivault_11,
          supply_closet_lemuel, uniq_prince_ribbit1

Skill      XL: |  1  2  3  4  5  6  7  8 |
---------------+-------------------------+-----
Axes           | 3 4 6 7 8 10 | 10.2
Fighting       | |  3.2
Armour         | |  2.1
Dodging        | |  1.5

Action                   |  1- 3 |  4- 6 |  7- 9 || total
-------------------------+-------+-------+-------++-------
Melee: Hand axe          |   130 |    70 |   432 ||   632
       Punch             |       |     1 |     5 ||     6
Invok: Berserk           |       |     3 |     4 ||     7
  Use: Potion            |       |       |     1 ||     1
Armor: Leather armour    |    32 |       |       ||    32
       Chain mail        |    15 |    42 |    39 ||    96
       Plate armour      |       |       |   201 ||   201
Dodge: Dodged            |    72 |    20 |   107 ||   199
